 Dungeon Crawl Stone Soup version 0.31.0-12-g77e489cdc1 (webtiles) character file.

Game seed: 2823809889732095228

135 Faeranduil the Sneak (level 4, -6/22 HPs)
             Began as a Spriggan Enchanter on Feb 15, 2024.
             Killed by nerve-wracking pain
             ... invoked by an orc priest
              (12 damage)
             ... on level 3 of the Dungeon.
             The game lasted 00:19:34 (4411 turns).

Faeranduil the Sneak (Spriggan Enchanter)           Turns: 4411, Time: 00:19:35

Health: -6/22      AC:  2    Str:  4    XL:     4   Next: 97%
Magic:  1/9        EV: 17    Int: 18    God:
Gold:   110        SH:  0    Dex: 15    Spells: 6/8 levels left

rFire   . . .        a - +1 dagger
rCold   . . .        (no shield)
rNeg    . . .        d - +0 robe
rPois   .            (helmet restricted)
rElec   .            (no cloak)
rCorr   .            (gloves unavailable)
SInv    +            (boots unavailable)
Will    .....        (no amulet)
Stlth   +++          (no ring)
HPRegen 0.23/turn    (no ring)
MPRegen 0.11/turn

%: no passive effects
@: very slightly contaminated, very quick
A: very small, no large weapons, unfitting armour, see invisible, speed 3
a: no special abilities


You were on level 3 of the Dungeon.
You visited 1 branch of the dungeon, and saw 3 of its levels.

You collected 110 gold pieces.

Inventory:

Hand Weapons
 a - a +1 dagger (weapon)
 b - a +0 sling
Missiles
 k - 45 stones
 p - 5 boomerangs
Armour
 d - a +0 robe (worn)
Scrolls
 e - a scroll of poison {unknown}
 f - a scroll of teleportation {unknown}
 j - a scroll of revelation {unknown}
 n - a scroll of enchant armour {unknown}
Potions
 c - 2 potions of invisibility
 g - a potion of cancellation
 h - a potion of might
 i - a potion of mutation
 l - a potion of haste {unknown}
 m - a potion of enlightenment {unknown}
 o - 2 potions of curing {unknown}


   Skills:
 + Level 1.4 Fighting
 + Level 2.6 Short Blades
 - Level 2.6 Dodging
 + Level 6.1 Stealth
 - Level 2.9 Spellcasting
 - Level 3.8 Hexes
 + Level 1.4 Ice Magic


You had 6 spell levels left.
You knew the following spells:

 Your Spells              Type           Power      Damage    Failure   Level
a - Ensorcelled Hibernat  Hex/Ice        24%        N/A       9%          2

Your spell library contained the following spells:

 Spells                   Type           Power      Damage    Failure   Level
 Slow                     Hex            64%        N/A       3%          1
 Confusing Touch          Hex            16%        N/A       11%         3
 Tukima's Dance           Hex            16%        N/A       11%         3
 Apportation              Tloc           4%         N/A       17%         1
 Sting                    Conj/Alch      8%         1d3       17%         1
 Dazzling Flash           Conj/Hex       18%        N/A       22%         3


Dungeon Overview and Level Annotations

Branches:
Dungeon (3/15)

Altars:
Kikubaaqudgha
Nemelex Xobeh

Shops:
D:3 (

Annotations:
D:3 2 transporters


Innate Abilities, Weirdness & Mutations

You are very small and have problems with some larger weapons.
You are too small for most types of armour.
You have supernaturally acute eyesight. (SInv)
You cover ground extremely quickly. (Speed+++)


Message History

There is a stone staircase leading up here.
k - 45 stones (gained 8)
There is an open door here.
There is a fountain of clear blue water here.
Casting: Ensorcelled Hibernation (safe; 9% risk of failure)
Confirm with . or Enter, or press ? or * to list all spells.
Aiming: Ensorcelled Hibernation (safe; 9% risk of failure)
Press: ? - help, Shift-Dir - straight line, f - orc priest
Aim: an orc priest, wielding a +0 club (wandering, hasn't noticed you, chance to affect: 46%)
The orc priest shouts!
The orc priest resists with some effort.
The orc priest invokes the aid of Beogh against you.
Beogh smites you!
Casting: Ensorcelled Hibernation (safe; 9% risk of failure)
Confirm with . or Enter, or press ? or * to list all spells.
Aiming: Ensorcelled Hibernation (safe; 9% risk of failure)
Press: ? - help, Shift-Dir - straight line, f/p - orc priest
Aim: an orc priest, wielding a +0 club (chance to affect: 46%)
The orc priest resists with some effort.
The orc priest invokes the aid of Beogh against you.
Beogh smites you!
* * * LOW HITPOINT WARNING * * *
Casting: Ensorcelled Hibernation (safe; 9% risk of failure)
Confirm with . or Enter, or press ? or * to list all spells.
Aiming: Ensorcelled Hibernation (safe; 9% risk of failure)
Press: ? - help, Shift-Dir - straight line, f/p - orc priest
Aim: an orc priest, wielding a +0 club (chance to affect: 46%)
You miscast Ensorcelled Hibernation.
You are very lightly contaminated with residual magic.
Nothing appears to happen.
The orc priest completely misses you.
Casting: Ensorcelled Hibernation (safe; 9% risk of failure)
Confirm with . or Enter, or press ? or * to list all spells.
Aiming: Ensorcelled Hibernation (safe; 9% risk of failure)
Press: ? - help, Shift-Dir - straight line, f/p - orc priest
Aim: an orc priest, wielding a +0 club (chance to affect: 46%)
You miscast Ensorcelled Hibernation.
Nothing appears to happen.
The orc priest calls down the wrath of Beogh upon you.
Pain shoots through your body!
Ouch! That really hurt!
You die...

######.# #........#.........#
#.####........#....##....
##............#..⌠..##...
#.###...............#..#
######'###.........⌠.....#...
#####.......##............<..####
.)..........##.....##..⌠.....#...
#####.......##.....###.......#...
# #.......##.o@..# #...⌠..##...
#####∩.∩....##.....###.....##....
..))..))..[.'....#...+.....).....
####.∩.∩....####.#####.....).....
##.......# #.#####...........
#.......# #..).##...........
#.......# ####'#######......
######### ###....# #......
#......# #......


You could see an orc priest.

Vanquished Creatures
  An orc priest (D:3)
  3 adders (D:2)
  3 ribbon worms
  A dart slug (D:1)
  11 orcs (D:3)
  3 ball pythons
  3 bats
  2 bat zombies (D:3)
  An endoplasm (D:2)
  4 goblins
  6 hobgoblins
  4 quokkas
  2 frilled lizards (D:2)
  3 frilled lizard zombies (D:3)
  6 kobolds
  5 rats
58 creatures vanquished.

Notes
Turn   | Place    | Note
-------+----------+-------------------------------------------
     0 | D:1      | Faeranduil the Spriggan Enchanter began the quest for the
                  | Orb.
     0 | D:1      | Reached XP level 1. HP: 9/9 MP: 5/5
   694 | D:1      | Reached XP level 2. HP: 6/13 MP: 6/6
   854 | D:1      | Learned a level 2 spell: Ensorcelled Hibernation
  1030 | D:1      | Reached skill level 5 in Stealth
  1572 | D:2      | Reached XP level 3. HP: 17/17 MP: 2/8
  1896 | D:2      | Found an ancient bone altar of Kikubaaqudgha.
  2373 | D:2      | Reached skill level 1 in Ice Magic
  2423 | D:2      | Reached skill level 1 in Fighting
  2529 | D:3      | Found a transporter.
  2534 | D:3      | Found a transporter.
  2536 | D:3      | Noticed a bullfrog
  2541 | D:3      | Found a sparkling altar of Nemelex Xobeh.
  2679 | D:3      | Reached XP level 4. HP: 22/22 MP: 4/9
  2833 | D:3      | Found a faded altar of an unknown god.
  3324 | D:3      | Got Axzokhle's Basics of Sorcery
  4023 | D:3      | Found an ancient bone altar of Kikubaaqudgha.
  4113 | D:3      | Reached skill level 6 in Stealth
  4181 | D:3      | Found Xiukuf's Antique Weapon Boutique.
  4411 | D:3      | Killed from afar by an orc priest

Illustrated notes

Levels and vault maps discovered:
D:1:      wander_arrival_abandoned_jail, layout_loops_ring
D:2:      layout_rooms, basic_altar
D:3:      layout_basic, gammafunk_temple_overflow_arena,
          lemuel_zombie_altar_kikubaaqudgha,
          chequers_ecumenical_altar_simple_redux, serial_shops,
          nicolae_shop_competitors_out_of_business, minmay_misc_feat_columns,
          grunt_ministairs_9, hangedman_feature_mirror

Skill      XL: |  1  2  3  4 |
---------------+-------------+-----
Stealth        | 5 6 |  6.1
Short Blades   | 2 |  2.6
Ice Magic      | 1 |  1.4
Fighting       | 1 |  1.4
Dodging        | |  2.6
Spellcasting   | |  2.9
Hexes          | |  3.8

Action                     |  1- 3 |  4- 6 || total
---------------------------+-------+-------++-------
  Melee: Dagger            |    57 |    72 ||   129
         Punch             |       |     1 ||     1
   Fire: Sling             |    20 |     4 ||    24
   Cast: Ensorcelled Hiber |    24 |    29 ||    53
    Use: Scroll            |     3 |       ||     3
   Stab: Sleeping          |    22 |    16 ||    38
         Distracted        |       |     1 ||     1
 Armour: Robe              |    14 |    26 ||    40
  Dodge: Dodged            |    29 |    69 ||    98
